 Dungeon Crawl Stone Soup version 0.31-b1-20-g67cafac56d (webtiles) character file.

Game seed: 17959229813376369350

145 Esekla the Sneak (level 5, -1/36 HPs)
             Began as an Octopode Delver on Jan 18, 2024.
             Slain by an orc wizard
             ... wielding a +0 dagger
              (4 damage)
             ... on level 5 of the Dungeon.
             The game lasted 00:03:31 (237 turns).

Esekla the Sneak (Octopode Delver)                   Turns: 237, Time: 00:03:32

Health: -1/36      AC:  1    Str: 11    XL:     5   Next: 27%
Magic:  6/6        EV: 13    Int: 15    God:
Gold:   95         SH:  0    Dex: 13    Spells: 6/6 levels left

rFire   . . .        a - +0 falchion
rCold   . . .        (no shield)
rNeg    . . .        (helmet restricted)
rPois   .            (no amulet)
rElec   .            (no ring)
rCorr   .            (no ring)
SInv    .            (no ring)
Will    .....        (no ring)
Stlth   +++++        (no ring)
HPRegen 0.26/turn    (no ring)
MPRegen 0.10/turn    (no ring)
                     (no ring)

%: clarity
@: no status effects
A: almost no armour, amphibious, 8 rings, camouflage 1, gelatinous body 1,
(nimble swimmer 1), tentacles, clarity, low MP 1
a: no special abilities


You were on level 5 of the Dungeon.
You visited 1 branch of the dungeon, and saw 1 of its levels.

You collected 95 gold pieces.

Inventory:

Hand Weapons
 a - a +0 falchion (weapon)
 g - the +6 trident of Radicalism {distort, Dex+4}
   (You found it on level 5 of the Dungeon)

   Dex+4:     It affects your dexterity (+4).
Wands
 f - a wand of digging (2)
Scrolls
 b - a scroll of fog


   Skills:
 * Level 3.5 Fighting
 * Level 3.1 Long Blades
 * Level 2.4 Dodging
 + Level 7.5 Stealth
 * Level 1.4 Spellcasting
 + Level 1.2 Evocations


You had 6 spell levels left.
You didn't know any spells.
Your spell library was empty.

Dungeon Overview and Level Annotations

Branches:
Dungeon (5/15)
 Temple: D:4-7

Altars:

Annotations:
D:5 Pikel


Innate Abilities, Weirdness & Mutations

You cannot wear most types of armour.
You are amphibious.
You can wear up to eight rings at the same time.
Your skin changes colour to match your surroundings (Stealth+).
Your rubbery body absorbs attacks. (AC +1, EV +1)
((You are camouflaged when in or above water. (Stealth+)))
You have tentacles for arms and can constrict up to eight enemies at once.
You possess an exceptional clarity of mind.
Your magical capacity is low. (-10% MP)


Message History

You closely miss something.
You hear some strange, mumbled words.
A puff of flame appears from out of thin air!
The puff of flame hits you.
* * * LOW HITPOINT WARNING * * *
You hit something.
You feel less wooden. Something barely misses you.
You hit something but do no damage. Something hits you.
* * * LOW HITPOINT WARNING * * *
You hit something.
Reactivating autopickup.
You feel a bit more experienced.
You slash the orc!
You kill the orc!
You barely miss the orc. Your grab misses the orc. The orc misses you.
You hit the orc but do no damage. Your grab misses the orc.
You squeeze the orc, but do no damage.
Deactivating autopickup; reactivate with Ctrl-A.
You miss something. Something barely misses you.
You hit something. Something hits you.
* * * LOW HITPOINT WARNING * * *
You miss something. Something hits you.
* * * LOW HITPOINT WARNING * * *
You aren't carrying any potions.
You miss something. Something barely misses you.
You closely miss something.
You hear some strange, mumbled words.
Something tries to affect you, but you resist.
You hit something. Your squeeze misses something.
You hear some strange, mumbled words.
A puff of flame appears from out of thin air!
The puff of flame misses you.
Okay, then.
Unknown command.
You hit something but do no damage. Your squeeze misses something.
An orc wizard appears from thin air!
Reactivating autopickup.
The orc wizard hits you with a +0 dagger.
You die...

.........##..#*,,,,,,,,,,,,,,,,*,
##.#.###.#...#*,,,,,,,,,,,,,,,,*,
#.#........#*****,,,,,.,,,,,,,*,
#...>.....## *,,,,..,,,,,,,**
###..#....## *,,o...,,,,,,,*
#..####..#####*,,....,,,,,,,*
##.....#.#...#*,.....,,,,,,,*
#####.#.#...##$.....,,,,,,,##
#....(..#...@oo.....,,,,,,,#<
##..#.#.....##......,,,,,,,#.
#......#...#*,.....,,,,,,,#5
#.....)#...########*******#.
#....#.#...##.....# #5
#....#.....##.....# #.
########...##.....### ##
#............# #. #............#
#.


You could see an orc wizard and an orc.

Vanquished Creatures
  A scorpion (D:5)
  An iguana (D:5)
  2 orc wizards (D:5)
  An adder (D:5)
  3 orcs (D:5)
8 creatures vanquished.

Notes
Turn   | Place    | Note
-------+----------+-------------------------------------------
     0 | D:5      | Esekla the Octopode Delver began the quest for the Orb.
     0 | D:5      | Reached XP level 1. HP: 16/16 MP: 1/1
     3 | D:5      | Identified the +6 trident of Radicalism {distort, Dex+4}
    33 | D:5      | Noticed Pikel
    33 | D:5      | Noticed a lemure
    34 | D:5      | Noticed a lemure
    34 | D:5      | Noticed a lemure
    34 | D:5      | Noticed a lemure
    35 | D:5      | Noticed a black bear
    87 | D:5      | Noticed an iguana
   151 | D:5      | Noticed an orc wizard
   155 | D:5      | Noticed a scorpion
   156 | D:5      | Noticed an orc wizard
   156 | D:5      | Noticed an orc wizard
   163 | D:5      | Gained mutation: Your magical capacity is low. (-10% MP)
                  | [potion of mutation]
   163 | D:5      | Gained mutation: You possess an exceptional clarity of
                  | mind. [potion of mutation]
   164 | D:5      | Reached skill level 1 in Evocations
   164 | D:5      | Reached XP level 2. HP: 10/21 MP: 1/1
   171 | D:5      | Reached skill level 7 in Stealth
   171 | D:5      | Reached XP level 3. HP: 11/26 MP: 1/3
   196 | D:5      | Killed a scorpion
   197 | D:5      | Reached XP level 4. HP: 10/31 MP: 2/4
   216 | D:5      | Reached skill level 1 in Spellcasting
   216 | D:5      | Reached XP level 5. HP: 15/36 MP: 4/5
   233 | D:5      | HP: 1/36 [something (4)]
   237 | D:5      | Slain by an orc wizard

Illustrated notes

Levels and vault maps discovered:
D:5:      layout_basic, kennysheep_little_box, uniq_pikel

Skill      XL: |  1  2  3  4 |
---------------+-------------+-----
Evocations     | 1 |  1.2
Stealth        | 7 |  7.5
Long Blades    | 3 |  3.1
Spellcasting   | 1 |  1.4
Fighting       | |  3.5
Dodging        | |  2.4

Action                     |  1- 3 |  4- 6 || total
---------------------------+-------+-------++-------
  Melee: Falchion          |    46 |    41 ||    87
         Tentacles         |     4 |     1 ||     5
         Constrict         |     4 |       ||     4
         Punch             |     1 |       ||     1
  Evoke: Wand              |     1 |       ||     1
    Use: Potion            |     3 |       ||     3
         Scroll            |     2 |       ||     2
 Armour: Skin              |    31 |    28 ||    59
  Dodge: Dodged            |    14 |     9 ||    23
